Match 47221786
Unlisted

Match 47221786
End
Construct Barracks
Riflemen Squad
Riflemen Squad
Selects Armored Battlegroup
Selects Armored Battlegroup
Riflemen Squad
Grenade Package
M1 Mortar Team
Construct Medical Station
Construct Medical Station
Selects Veteran Crews
Construct Weapon Support Center
Infantry Support Center
1⁄4-ton 4x4 Truck
M3 Armored Personnel Carrier
Selects Strength in Steel
Mortar Pit
Engineer Squad
Construct Tank Depot
Selects Seek and Destroy
Selects UNKNOWN (2160077)
Selects M31 Recovery Vehicle
M4A3E8 Sherman Easy Eight
M1918 Browning Automatic Rifles
Riflemen Squad
M4A3E8 Sherman Easy Eight
Riflemen Squad
Riflemen Squad
M18 Hellcat Tank Destroyer
Construct Motor Pool
Riflemen Squad
M4A3E8 Sherman Easy Eight
Selects War Machine
Engineer Squad
M18 Hellcat Tank Destroyer
M31 Recovery Vehicle
M18 Hellcat Tank Destroyer
M4A3E8 Sherman Easy Eight
Engineer Squad
Survival Training
Munitions Surplus
M18 Hellcat Tank Destroyer
M1 Mortar Team
ZeZwott
Yoddha
桑朵莱希
Requiel
Siren
Институт белка
0
0

Comments sign in to comment!

No comments posted yet!